 Dungeon Crawl Stone Soup version 0.32-a0-898-g7811c86cf0 (webtiles) character file.

Game seed: 10407747493094495763

532 DEFE the Shooter (level 7, -3/52 HPs)
             Began as a Coglin Fighter on Apr 4, 2024.
             Slain by a black bear (8 damage)
             ... on level 4 of the Dungeon.
             The game lasted 00:02:47 (3554 turns).

DEFE the Shooter (Coglin Fighter)                   Turns: 3554, Time: 00:02:47

Health: -3/52      AC:  7    Str: 16    XL:     7   Next: 24%
Magic:  7/7        EV:  8    Int:  8    God:
Gold:   160        SH:  0    Dex: 15    Spells: 6/6 levels left

rFire   + . .        w - +0 dagger (speed) {Surjit}
rCold   + . .        q - +0 short sword (venom) {Daichi}
rNeg    . . .        b - +0 scale mail
rPois   +            k - +1 hat
rElec   +            (no cloak)
rCorr   +            (no gloves)
SInv    .            (no boots)
Will    .....        (amulet unavailable) Stlth
                     (ring unavailable)
HPRegen 0.28/turn    (ring unavailable)
MPRegen 0.10/turn    (no gizmo)

%: no passive effects
@: resistant, weak-willed, revved
A: off-hand wielding, slow wielding, warmup strikes, no jewellery
a: Invent Gizmo


You were on level 4 of the Dungeon.
You visited 1 branch of the dungeon, and saw 4 of its levels.

You collected 160 gold pieces.

Inventory:

Hand Weapons
 a - a +0 war axe {José}
 g - a +0 sling
 q - a +0 short sword of venom (offhand) {Daichi}
 s - a +0 sling
 w - a +0 dagger of speed (weapon) {Surjit}
Missiles
 x - 6 curare-tipped darts (quivered)
Armour
 b - a +0 scale mail (worn)
 c - a +0 buckler
 f - a +0 helmet
 k - a +1 hat (worn)
 o - the +1 robe of Red Joy {rF+}
   (You found it on level 2 of the Dungeon)

   rF+:       It protects you from fire.
Wands
 t - a wand of polymorph (10)
Scrolls
 e - a scroll of vulnerability
 i - 2 scrolls of enchant weapon {unknown}
 n - 2 scrolls of identify {unknown}
 p - a scroll of fog {unknown}
 r - a scroll of enchant armour {unknown}
 u - a scroll of immolation {unknown}
 v - 2 scrolls of brand weapon {unknown}
 y - a scroll of teleportation {unknown}
Potions
 h - a potion of curing
 j - 2 potions of heal wounds {unknown}
 l - a potion of magic {unknown}
 m - a potion of lignification {unknown}


   Skills:
 - Level 3.0 Fighting
 - Level 2.7 Axes
 + Level 6.4 Ranged Weapons
 - Level 2.6 Armour
 - Level 2.1 Shields


You had 6 spell levels left.
You didn't know any spells.
Your spell library contained the following spells:

 Spells                   Type           Power      Damage    Failure   Level
 Magic Dart               Conj           0%         1d3       83%         1
 Sting                    Conj/Alch      0%         1d3       83%         1
 Blink                    Tloc           0%         N/A       93%         2
 Call Imp                 Summ           0%         N/A       93%         2
 Cigotuvi's Dreadful Rot  Necr/Alch/Air  0%         N/A       93%         2
 Lesser Beckoning         Tloc           0%         N/A       93%         2
 Mercury Vapours          Alch/Air       0%         N/A       93%         2
 Maxwell's Portable Pile  Tloc           0%         2d(5-13)  99%         3
 Teleport Other           Tloc           0%         N/A       99%         3
 Ignite Poison            Fire/Alch      0%         N/A       100%        4
 Olgreb's Toxic Radiance  Alch           0%         N/A       100%        4
 Freezing Cloud           Conj/Ice/Air   0%         6-21      100%        5


Dungeon Overview and Level Annotations

Branches:
Dungeon (4/15)
 Temple: D:4-7

Altars:
Sif Muna


Innate Abilities, Weirdness & Mutations

You can wield a second weapon in your off-hand.
It takes a long time for you to wield or remove held weapons.
Your first few attacks do less damage.
You cannot equip rings or amulets.


Message History

You feel better. The black bear bites you.
* * * LOW HITPOINT WARNING * * *
The black bear closely misses you. The black bear claws you.
* * * LOW HITPOINT WARNING * * *
Unknown command.
You feel better. The black bear bites you.
* * * LOW HITPOINT WARNING * * *
The black bear claws you but does no damage. x2
You hit the black bear but do no damage.
The black bear looks as sick as possible!
The black bear is lightly wounded.
You hit the black bear but do no damage.
The black bear bites you but does no damage.
The black bear closely misses you.
The black bear claws you but does no damage.
You hit the black bear with your +0 dagger of speed.
The black bear is moderately wounded.
You hit the black bear but do no damage.
The black bear looks as sick as possible!
You hit the black bear but do no damage.
The black bear looks as sick as possible!
The black bear is moderately wounded.
You completely miss the black bear with your +0 dagger of speed.
The black bear bites you.
* * * LOW HITPOINT WARNING * * *
The black bear claws you.
* * * LOW HITPOINT WARNING * * *
The black bear claws you but does no damage.
You hit the black bear with your +0 short sword of venom.
The black bear looks as sick as possible!
The black bear is heavily wounded.
You hit the black bear with your +0 dagger of speed.
The black bear goes berserk!
Unknown command.
You barely miss the black bear with your +0 dagger of speed.
The black bear is severely wounded.
You hit the black bear but do no damage.
The black bear looks as sick as possible!
The black bear bites you!
You die...

#.# #.##................#
#.###.##.#...####.......#
#...............#.......#####
#####.#####.............#...#
#h# #.###.#...........# #.#
#.###.............# #O#
#...###..........###
#.#####.#.# #.###.........
#<......#@# #.# #...###.##
###.#####h# #.###...# #.# #.#
#o# #.....#####.## #.# #.#
#####......... #.# #.#
#######.## ##.## #.# ### #.#
#...# #.. ..# #.#
###.#.###### #.# #.#
#...#...##########.# #.#


You could see a black bear (berserk, extremely poisoned, weak-willed) and an orc
(weak-willed).

Vanquished Creatures
  Menkaure (D:4)
  A bullfrog (D:4)
  A scorpion (D:4)
  A hound (D:4)
  2 bombardier beetles
  Terence (D:2)
  An iguana (D:4)
  An orc wizard (D:4)
  Robin (D:4)
  An adder (D:2)
  2 ribbon worms (D:3)
  3 dart slugs
  5 orcs
  7 ball pythons
  6 endoplasms
  4 giant cockroaches
  16 goblins
  7 hobgoblins
  4 quokkas
  3 bats
  A frilled lizard (D:2)
  6 kobolds
  9 rats
84 creatures vanquished.

Notes
Turn   | Place    | Note
-------+----------+-------------------------------------------
     0 | D:1      | DEFE the Coglin Fighter began the quest for the Orb.
     0 | D:1      | Reached XP level 1. HP: 18/18 MP: 1/1
   202 | D:1      | Reached XP level 2. HP: 24/24 MP: 2/2
   863 | D:2      | Found a shimmering blue altar of Sif Muna.
   877 | D:2      | Noticed Terence
   887 | D:2      | Killed Terence
   888 | D:2      | Reached skill level 2 in Ranged Weapons
   888 | D:2      | Reached XP level 3. HP: 9/29 MP: 3/3
  1403 | D:2      | Reached XP level 4. HP: 35/35 MP: 4/4
  1551 | D:2      | Identified the +1 robe of Red Joy {rF+}
  1943 | D:3      | Reached skill level 3 in Ranged Weapons
  2143 | D:3      | Reached XP level 5. HP: 35/41 MP: 5/5
  2210 | D:3      | Found a faded altar of an unknown god.
  2559 | D:4      | Reached skill level 4 in Ranged Weapons
  2599 | D:4      | Noticed an ogre
  2603 | D:4      | Noticed a black bear
  2748 | D:4      | Noticed Robin
  2770 | D:4      | Killed Robin
  2952 | D:4      | Noticed Menkaure
  2962 | D:4      | Killed Menkaure
  2963 | D:4      | Reached skill level 5 in Ranged Weapons
  2963 | D:4      | Reached XP level 6. HP: 9/47 MP: 6/6
  3411 | D:4      | Reached skill level 6 in Ranged Weapons
  3411 | D:4      | Reached XP level 7. HP: 51/52 MP: 7/7
  3554 | D:4      | Slain by a black bear

Illustrated notes

Levels and vault maps discovered:
D:1:      wander_arrival_lonely_grave, layout_loops_ring, serial_forest,
          infiniplex_forest_zigzag_2, infiniplex_forest_corner_1,
          infiniplex_forest_clump_tiny, infiniplex_forest_zigzag_1,
          infiniplex_forest_end_2, infiniplex_forest_lined_room_,
          infiniplex_forest_straight_2
D:2:      minmay_general_purpose_star, layout_basic, basic_altar,
          grunt_ministairs_3, uniq_terence
D:3:      layout_basic, hellmonk_ecumenical_altar_crossroads
D:4:      layout_loops_ring, uniq_robin, uniq_menkaure

Skill      XL: |  1  2  3  4  5  6 |
---------------+-------------------+-----
Ranged Weapons | 2 3 5 6 |  6.4
Fighting       | |  3.0
Axes           | |  2.7
Armour         | |  2.6
Shields        | |  2.1

Action                     |  1- 3 |  4- 6 |  7- 9 || total
---------------------------+-------+-------+-------++-------
  Melee: War axe           |    96 |    70 |       ||   166
         Short sword       |       |    84 |    38 ||   122
         Dagger            |       |    32 |    36 ||    68
    Use: Potion            |       |     1 |     4 ||     5
         Scroll            |       |       |     1 ||     1
 Armour: Scale mail        |    88 |    82 |    41 ||   211
  Dodge: Dodged            |    40 |    37 |    11 ||    88
  Block: Buckler           |    17 |     5 |       ||    22

Table legend: (Time is in decaauts)
 A = Elapsed time spent in this place.
 B = Non-inter-level travel time spent in this place.
 C = Inter-level travel time spent in this place.
 D = Time resting spent in this place.
 E = Time spent auto-exploring this place.
 F = Levels seen in this place.
 G = Mean time per level.
                   A        B        C        D        E       F      G
               +--------+--------+--------+--------+--------+-----+--------+
         Total |   3598 |   3389 |    209 |    699 |   2049 |   4 |  899.5 |
       Dungeon |   3598 |   3389 |    209 |    699 |   2049 |   4 |  899.5 |
               +--------+--------+--------+--------+--------+-----+--------+

Top non-repeatable levels by time:
     D:2: 1079 daAuts
     D:4: 913 daAuts
     D:1: 836 daAuts
     D:3: 769 daAuts
